 Dungeon Crawl Stone Soup version 0.24-a0-479-g9a978d2894 (webtiles) character file.

Game seed: 2474883797047733083

1068 Iscandelvey the Vexing (level 8, -13/60 HPs)
             Began as a Demonspawn Arcane Marksman on July 8, 2019.
             Mangled by Blork the orc
             ... wielding a +2 scimitar of electrocution
              (15 damage)
             ... on level 5 of the Dungeon.
             The game lasted 00:41:01 (7577 turns).

Iscandelvey the Vexing (Demonspawn Arcane Marksman) Turns: 7577, Time: 00:41:01

Health: -13/60     AC: 10    Str: 10    XL:     8   Next: 7%
Magic:  12/13      EV: 11    Int: 17    God:
Gold:   255        SH:  0    Dex: 14    Spells: 11/14 levels left

rFire    . . .     SeeInvis .   z - +3 quarterstaff (chaos)
rCold    . . .     Gourm    .   (shield currently unavailable)
rNeg     . . .     Faith    .   w - +2 ring mail {MR+}
rPois    .         Spirit   .   (helmet restricted)
rElec    .         Reflect  .   B - +0 cloak
rCorr    .         Harm     .   (no gloves)
MR       +....                  (no boots)
Stlth    ++++......             (no amulet)
HPRegen  0.20/turn              D - ring of stealth
MPRegen  0.13/turn              (no ring)

@: no status effects
A: antennae 2, yellow scales 1, nightstalker 2, powered by death 1
a: no special abilities


You were on level 5 of the Dungeon.
You were not hungry.

You visited 1 branch of the dungeon, and saw 6 of its levels.

You collected 255 gold pieces.

Inventory:

Hand Weapons
 a - a +0 hunting sling
 i - a +0 club
 m - a +0 hand axe
 u - a +0 spear
 z - a +3 quarterstaff of chaos (weapon)
 C - a +2 mace of protection
 K - a +0 shortbow
Missiles
 b - 175 stones (quivered)
 d - 16 sling bullets
 h - 140 arrows
 p - 28 bolts
 q - a throwing net
 H - 7 boomerangs
Armour
 e - a +0 robe
 l - a +0 buckler
 r - a +0 ring mail
 w - a +2 ring mail of magic resistance (worn)
 B - a +0 cloak (worn)
Jewellery
 D - a ring of stealth (left hand)
 J - an uncursed ring of ice
Wands
 N - a wand of acid (7)
Scrolls
 j - 6 scrolls of identify {unknown}
 k - 5 scrolls of teleportation {unknown}
 n - a scroll of magic mapping {unknown}
 v - 4 scrolls of remove curse {unknown}
 x - 4 scrolls of enchant weapon {unknown}
 y - a scroll of fear {unknown}
 E - a scroll of enchant armour {unknown}
 M - a scroll of fog {unknown}
 O - a scroll of summoning {unknown}
Potions
 c - 2 potions of agility {unknown}
 g - 6 potions of curing {unknown}
 o - a potion of ambrosia {unknown}
 s - 2 potions of resistance {unknown}
 t - a potion of cancellation {unknown}
 A - a potion of flight {unknown}
 F - 3 potions of haste {unknown}
 G - a potion of magic {unknown}
 I - 2 potions of heal wounds
Comestibles
 f - 12 rations


   Skills:
 - Level 4.0 Fighting
 - Level 2.0 Staves
 - Level 2.1(3.0) Slings
 - Level 3.2(3.5) Throwing
 * Level 2.1 Armour
 + Level 2.5 Dodging
 - Level 0.5 Stealth
 * Level 3.8 Spellcasting
 * Level 5.2 Hexes


You had 11 spell levels left.
You knew the following spells:

 Your Spells              Type           Power        Failure   Level  Hunger
a - Corona                Hex            ###....      4%          1    None
b - Slow                  Hex            ###.....     7%          2    ##.....

Your spell library contained the following spells:

 Spells                   Type           Power        Failure   Level  Hunger
 Inner Flame              Hex/Fire       ##......     38%         3    ###....
 Portal Projectile        Hex/Tloc       ##....       38%         3    ###....
 Cause Fear               Hex            ###.......   43%         4    ####...
 Leda's Liquefaction      Hex/Erth       ##........   80%         4    ####...


Dungeon Overview and Level Annotations

Branches:
Dungeon (6/15)
 Temple: D:4-7

Altars:
Ashenzari
Ru

Annotations:
D:2 Natasha, Sigmund
D:4 Menkaure
D:5 3 runed translucent doors, Blork the orc; mhoghedin's ghost, amateur TrCK


Innate Abilities, Weirdness & Mutations

You have a pair of antennae on your head.
You are partially covered in yellow scales. (AC +2)
You are significantly more attuned to the shadows.
You regenerate a little health from kills.


Message History

The puff of flame hits you.
You hit Blork the orc but do no damage.
Blork the orc shakes off his lethargy.
Blork the orc goes berserk!
Blork the orc is moderately wounded.
Blork the orc misses you.
Blork the orc hits you with a +2 scimitar of electrocution.
Blork the orc hits you with a +2 scimitar of electrocution!
You are electrocuted!!
There is a stone staircase leading up, spattered with blood here.
Okay, then.
Blork the orc hits you with a +2 scimitar of electrocution!
* * * LOW HITPOINT WARNING * * *
You climb upwards.
Level annotation: 3 runed translucent doors, mhoghedin's ghost, amateur TrCK
There is a stone staircase leading down here.
Blork the orc barely misses you.
Blork the orc hits you with a +2 scimitar of electrocution!
* * * LOW HITPOINT WARNING * * *
You are electrocuted!
You die...

##....##...'#######'.#
##....##.............#
.#...........#.......#
.#...........#......##
.#...........#......#
.#...........#......#
##....##+######..#..#
##....##....###..####
................@.#
................o.#
..................#
..................#
.............>....#
..................#
..................#
###################


You could see Blork the orc (berserk).

Vanquished Creatures
  A swamp drake (D:5)
  A sky beast (D:5)
  3 ogres
  2 centaurs (D:6)
  A bullfrog (D:6)
  A howler monkey (D:5)
  A hound (D:6)
  2 orc wizards
  Crazy Yiuf (D:2)
  Ijyb (D:3)
  2 worker ants
  A howler monkey skeleton (D:5)
  7 adders
  A shadow imp (D:6)
  An ooze (D:4)
  An adder skeleton (D:6)
  4 worms
  3 dart slugs
  3 leopard geckos
  5 orcs
  9 giant cockroaches
  10 goblins
  5 hobgoblins
  9 jackals
  3 kobolds
  5 quokkas
  7 bats
  3 frilled lizards
  A jackal skeleton (D:5)
  A leopard gecko skeleton (D:4)
  5 rats
100 creatures vanquished.

Notes
Turn   | Place    | Note
-------+----------+-------------------------------------------
     0 | D:1      | Iscandelvey the Demonspawn Arcane Marksman began the quest
                  | for the Orb.
     0 | D:1      | Reached XP level 1. HP: 15/15 MP: 2/2
   234 | D:1      | Gained mutation: You regenerate a little health from kills.
                  | [demonic ancestry]
   234 | D:1      | Reached XP level 2. HP: 19/21 MP: 3/3
   707 | D:2      | Gained mutation: You are slightly more attuned to the
                  | shadows. [demonic ancestry]
   707 | D:2      | Reached XP level 3. HP: 23/26 MP: 0/5
   793 | D:2      | Found a shattered altar of Ashenzari.
   801 | D:2      | Learned a level 2 spell: Slow
   804 | D:2      | Noticed Natasha
  1192 | D:2      | Noticed Sigmund
  1485 | D:2      | Found a runed translucent door.
  1486 | D:2      | Noticed Crazy Yiuf
  1647 | D:2      | Gained mutation: You are partially covered in yellow
                  | scales. (AC +2) [demonic ancestry]
  1647 | D:2      | Reached XP level 4. HP: 30/32 MP: 1/6
  1891 | D:3      | Reached skill level 1 in Throwing
  2155 | D:3      | Reached skill level 4 in Hexes
  2810 | D:4      | Gained mutation: You have a pair of small antennae on your
                  | head. [demonic ancestry]
  2810 | D:4      | Reached XP level 5. HP: 25/38 MP: 5/8
  3043 | D:4      | Noticed Menkaure
  3573 | D:4      | Noticed Ijyb
  4330 | D:2      | Killed Crazy Yiuf
  4774 | D:3      | Killed Ijyb
  4913 | D:5      | Entered Level 5 of the Dungeon
  5137 | D:4      | Gained mutation: You are significantly more attuned to the
                  | shadows. [demonic ancestry]
  5137 | D:4      | Reached XP level 6. HP: 33/46 MP: 6/9
  5816 | D:4      | Reached skill level 1 in Staves
  5816 | D:4      | Reached skill level 1 in Armour
  6094 | D:5      | Noticed a sky beast
  6098 | D:5      | Found a runed translucent gate.
  6098 | D:5      | Found a runed translucent gate.
  6100 | D:5      | Found a runed translucent gate.
  6117 | D:5      | Killed a sky beast
  6370 | D:5      | Reached XP level 7. HP: 42/52 MP: 9/11
  6396 | D:5      | Found a sacrificial altar of Ru.
  6943 | D:5      | Noticed mhoghedin's ghost (amateur TrCK)
  7261 | D:6      | Reached skill level 5 in Hexes
  7372 | D:6      | Gained mutation: You have a pair of antennae on your head.
                  | [demonic ancestry]
  7372 | D:6      | Reached XP level 8. HP: 60/60 MP: 7/13
  7504 | D:6      | Noticed Blork the orc
  7577 | D:5      | HP: 2/60 [Blork the orc/+2 scimitar of electrocution (12)]
  7577 | D:5      | Mangled by Blork the orc

Levels and vault maps discovered:
D:1:      dpeg_arrival_round_c, layout_basic
D:2:      layout_basic, first_ration, chequers_ecumenical_altar_island,
          evilmike_ruin_ashenzari, uniq_crazy_yiuf_cottage, uniq_natasha,
          uniq_sigmund
D:3:      layout_basic, chequers_serial_rivers_micro_c
D:4:      layout_basic, grunt_ministairs_2, feat_on_display, uniq_ijyb,
          uniq_menkaure
D:5:      layout_gridville, nicolae_ru_great_annihilating_truth,
          gammafunk_ghost_nasty_kobolds, chequers_serial_rivers_room_a
D:6:      layout_basic, uniq_blork_the_orc

Skill      XL: |  1  2  3  4  5  6  7 |
---------------+----------------------+-----
Slings         | 2 |  2.1
Dodging        | 2 |  2.5
Throwing       | 1 2 3 |  3.2
Hexes          | 4 5 |  5.2
Fighting       | 2 3 4 |  4.0
Spellcasting   | 2 3 |  3.8
Staves         | 1 2 |  2.0
Armour         | 1 2 |  2.1
Stealth        | |  0.5

Action                   |  1- 3 |  4- 6 |  7- 9 || total
-------------------------+-------+-------+-------++-------
Melee: Quarterstaff      |       |    18 |    53 ||    71
 Fire: Hunting sling     |   100 |   293 |    32 ||   425
Throw: Stone             |       |     1 |       ||     1
 Cast: Corona            |     9 |    19 |     9 ||    37
       Slow              |     5 |    39 |    13 ||    57
 Stab: Sleeping          |       |     1 |     1 ||     2
       Paralysed         |       |       |     2 ||     2
  Eat: Chunk             |     3 |    10 |     5 ||    18
       Ration            |       |     2 |       ||     2
Armor: Robe              |     3 |    13 |       ||    16
       Ring mail         |       |    39 |    20 ||    59
Dodge: Dodged            |    24 |    93 |    39 ||   156

Table legend:
 A = Non-vault XP
 B = Vault XP
 C = Vault XP percentage of total XP
 D = Non-vault monster count
 E = Vault monster count
 F = Vault count percentage of total count
                 A         B        C        D         E       F
            +---------+---------+-------+---------+---------+-------
      Total |    1338 |     188 |  12.3 |      92 |       8 |   8.0
            +---------+---------+-------+---------+---------+-------
        D:1 |      29 |       0 |   0.0 |      15 |       0 |   0.0
        D:2 |      78 |      39 |  33.3 |      19 |       1 |   5.0
        D:3 |      89 |      72 |  44.7 |      29 |       2 |   6.5
        D:4 |     188 |      34 |  15.3 |      12 |       1 |   7.7
        D:5 |     581 |      43 |   6.9 |      10 |       4 |  28.6
        D:6 |     373 |       0 |   0.0 |       7 |       0 |   0.0
            +---------+---------+-------+---------+---------+-------
